 Dungeon Crawl Stone Soup version 0.31-a0-486-g8d68a81214 (webtiles) character file.

Game seed: 13264704212531075366

33204 ytrimaz the Grappler (level 13, -10/102 HPs)
             Began as a Demonspawn Shapeshifter on Aug 7, 2023.
             Was an Elder of Qazlal.
             Mangled by a large slime creature (25 damage)
             ... on level 12 of the Dungeon.
             The game lasted 00:22:45 (17398 turns).

ytrimaz the Grappler (Demonspawn Shapeshifter)     Turns: 17398, Time: 00:22:46

Health: -10/102    AC: 17    Str: 25    XL:     13   Next: 35%
Magic:  19/19      EV: 10    Int: 10    God:    Qazlal [****..]
Gold:   646        SH:  5    Dex: 15    Spells: 12/12 levels left

rFire   . .          .
                       - Unarmed
rCold   . . .        (no shield)
rNeg    . . .        k - +1 plate armour
rPois   .            (helmet currently unavailable)
rElec   .            (cloak currently unavailable)
rCorr   +            (gloves currently unavailable)
SInv    .            (boots currently unavailable)
Will    .....        e - amulet of magic regeneration Stlth
                     v - +6 ring of strength
HPRegen 0.37/turn    w - ring of resist corrosion
MPRegen 0.56/turn

%: repel missiles
@: beast-form, sanguine armoured
A: beast (slay +7), horns 2, demonic guardian 3, foul stench 1, sanguine armour
1
a: Begin Untransformation, Renounce Religion, Upheaval, Elemental Force


You were on level 12 of the Dungeon.
You worshipped Qazlal.
Qazlal was greatly pleased with you.
You were a hulking beast.
You visited 2 branches of the dungeon, and saw 14 of its levels.

You collected 1692 gold pieces.
You spent 1046 gold pieces at shops.


Innate Abilities, Weirdness & Mutations

You are a hulking beast.
Your limbs bulge with bestial killing power. (Slay +7)
You have a pair of horns on your head.
A powerful demonic guardian rushes to your aid.
You may rarely emit foul miasma when damaged in melee.
When seriously injured, your blood forms armour. (AC +6)


   Skills:
 + Level 9.7 Fighting
 + Level 9.0 Dodging
 + Level 12.1 Unarmed Combat
 - Level 9.0 Invocations
 - Level 10.0 Shapeshifting


You had 12 spell levels left.
You didn't know any spells.
Your spell library contained the following spells:

 Spells                   Type           Power      Damage    Failure   Level
 Magic Dart               Conj           0%         1d3       100%        1
 Summon Small Mammal      Summ           0%         N/A       100%        1
 Blink                    Tloc           0%         N/A       100%        2
 Call Imp                 Summ           0%         N/A       100%        2
 Sublimation of Blood     Necr           0%         N/A       100%        2
 Wereblood                Tmut           0%         N/A       100%        2
 Call Canine Familiar     Summ           0%         N/A       100%        3
 Frozen Ramparts          Ice            0%         1d1       100%        3
 Hailstorm                Conj/Ice       0%         3d3       100%        3
 Mephitic Cloud           Conj/Pois/Air  0%         N/A       100%        3
 Summon Guardian Golem    Hex/Summ       0%         N/A       100%        3
 Cause Fear               Hex            0%         N/A       100%        4
 Manifold Assault         Tloc           0%         N/A       100%        4
 Petrify                  Tmut/Erth      0%         N/A       100%        4
 Summon Ice Beast         Ice/Summ       0%         N/A       100%        4
 Fireball                 Conj/Fire      0%         3d3       100%        5
 Metabolic Englaciation   Hex/Ice        0%         N/A       100%        5
 Simulacrum               Ice/Necr       0%         N/A       100%        6
 Summon Hydra             Summ           0%         N/A       100%        7
 Dragon's Call            Summ           0%         N/A       100%        9

Inventory:

Armour
 a - a +0 animal skin
 k - a +1 plate armour (worn)
   (You found it on level 1 of the Dungeon)
 E - a +0 troll leather armour
   (You found it on level 9 of the Dungeon)
Jewellery
 e - an amulet of magic regeneration (around neck)
   (You found it on level 1 of the Dungeon)
 f - a ring of see invisible
   (You found it on level 8 of the Dungeon)
 h - a +6 ring of intelligence
   (You found it on level 7 of the Dungeon)
 j - a ring of ice
   (You found it on level 1 of the Dungeon)
 v - a +6 ring of strength (left hand)
   (You found it on level 3 of the Dungeon)
 w - a ring of resist corrosion (right hand)
   (You found it on level 8 of the Dungeon)
Talismans
 c - a beast talisman (active)
Wands
 d - a wand of charming (5)
   (You found it on level 5 of the Dungeon)
 g - a wand of mindburst (8) (quivered)
   (You found it on level 7 of the Dungeon)
 l - a wand of iceblast (18)
   (You found it on level 7 of the Dungeon)
 q - a wand of polymorph (17)
   (You took it off Jessica on level 2 of the Dungeon)
 C - a wand of flame (10)
   (You took it off Lodul on level 11 of the Dungeon)
Scrolls
 m - 2 scrolls of amnesia
 n - 2 scrolls of vulnerability
 y - 2 scrolls of teleportation
 z - a scroll of enchant armour
 B - a scroll of brand weapon
 F - a scroll of fog
 G - 2 scrolls of poison
 H - a scroll of enchant weapon
Potions
 b - 3 potions of lignification
 i - 3 potions of mutation
 o - 3 potions of haste
 p - 2 potions of enlightenment
 r - 3 potions of might
 s - 2 potions of attraction
 t - a potion of berserk rage
 u - a potion of brilliance {unknown}
 x - a potion of resistance
 A - a potion of cancellation {unknown}
 D - 2 potions of heal wounds

Dungeon Overview and Level Annotations

Branches:
Dungeon (12/15) Zot: 25673  Temple (0/1) D:5            Lair (0/5) D:9
    Orc (2/2) D:11 Zot: 6671     Elf (0/3) Orc:2

Altars:
Ashenzari
Fedhas
Gozag
Makhleb
Nemelex Xobeh
Qazlal
Ru
Sif Muna
Trog
Xom

Shops:
D:4 *   Orc:2 !:!*

Annotations:
D:6 1 runed translucent door, Crazy Yiuf

#.# #.....## .. #..
#.......... #..##....#
... . #....Ā°.J.##.##.#
#...?.<........
#..............
#......2JJā˜¼##
#......J....#...
#.....Ā°ā—‹h.......
#...............
#.....##........
######....##...<..#..
#.....##..# #.....# .
#.......## ......# ..
###..##.# ........#...
.. ##...##.#
#.....)....# ..
#..>....###..........###


You could see 3 large slime creatures, a slime creature and a friendly reaper
(summoned).


Message History

Qazlal accepts your kill. The orc warrior closely misses you.
An orc comes into view. It is wielding a +0 whip.
You hit the orc warrior but do no damage.
You headbutt the orc warrior!! You punch the orc warrior.
You kill the orc warrior!
Qazlal accepts your kill.
Things that are here:
a +0 halberd; a +0 chain mail; an orc corpse Unknown command.
The orc hits you with a +0 club. šŸ˜• HP[-1]
You take 1 damage, and now have 101/102 hp.
The orc hits you with a +0 club. The orc barely misses you. šŸ˜• HP[-3]
You take 3 damage, and now have 98/102 hp.
You punch the orc!
You kill the orc!
Qazlal accepts your kill. The orc hits you but does no damage.
The orc hits you but does no damage. šŸ˜• HP[+1]
You punch the orc!
You kill the orc!
Qazlal accepts your kill.
Unknown command.
No target in view!
Things that are here:
a +0 whip; an orc corpse
Found an escape hatch in the ceiling.
l - a wand of iceblast (18) (gained 4 charges) šŸ˜Ž HP[+3]
Your hp is fully restored (102).
A slime creature comes into view.
The slime creature quivers.
A slime creature is nearby!
A slime creature is nearby!
A slime creature comes into view.
A slime creature comes into view.
The slime creature quivers.
A slime creature comes into view. x3
A slime creature comes into view.
The slime creature quivers.
The slime creature hits you but does no damage. 2 slime creatures come into view.
The slime creature quivers. x2
The slime creature completely misses you.
Two slime creatures merge to form a large slime creature.
You punch the slime creature! You headbutt the slime creature.
Unknown command.
You punch the slime creature! You headbutt the slime creature.
The slime creature hits you! šŸ˜• HP[-16]
You take 16 damage, and now have 86/102 hp.
You punch the slime creature! The slime creature hits you.
Two slime creatures merge to form a large slime creature.
Two slime creatures merge to form a very large slime creature.
The slime creature hits you.
Unknown command. šŸ˜• HP[-7]
You take 7 damage, and now have 79/102 hp.
You hit the slime creature. You headbutt the slime creature!!
The slime creature is engulfed in blazing flames.
You block the slime creature's attack.
Two slime creatures merge to form a large slime creature.
The very large slime creature is engulfed in blazing flames.
The very large slime creature hits you!!!
Ouch! That really hurt!
* * * LOW HITPOINT WARNING * * *
A demonic guardian appears!
Your blood congeals into armour.
The slime creature hits you!
* * * LOW HITPOINT WARNING * * *
šŸ˜± HP[-66]
You take 66 damage, and now have 13/102 hp.
MASSIVE DAMAGE!! (PAUSE) Unknown command.
The slime creature is engulfed in blazing flames.
A very large slime creature splits.
The slime creature closely misses you.
Your reaper hits the slime creature from afar with a +1 scythe of freezing.
Your reaper freezes the slime creature.
The slime creature dies!
Qazlal accepts your kill.
Unknown command.
Your reaper hits the slime creature with a +1 scythe of freezing.
Your reaper freezes the slime creature. šŸ˜± HP[+1]
The large slime creature attacks as you move away!
The large slime creature barely misses you.
The slime creature is engulfed in blazing flames.
The slime creature hits your reaper.
Your reaper hits the slime creature with a +1 scythe of freezing!!
Your reaper freezes the slime creature.
The slime creature dies!
Qazlal accepts your kill.
Your reaper hits the large slime creature with a +1 scythe of freezing!!
Your reaper freezes the large slime creature. šŸ˜± HP[+1]
The large slime creature attacks as you move away!
The large slime creature hits you!!
You die...

Skill      XL: |  1  2  3  4  5  6  7  8  9 10 11 12 13 |
---------------+----------------------------------------+-----
Shapeshifting  | 3 4 5 7 8 10 | 10.0
Unarmed Combat | 3 4 5 6 7 8 10 11 12 | 12.1
Invocations    | 1 2 3 4 5 7 9 |  9.0
Dodging        | 2 6 8 9 |  9.0
Fighting       | 2 6 8 9 |  9.7

Action                     |  1- 3 |  4- 6 |  7- 9 | 10-12 | 13-15 || total
---------------------------+-------+-------+-------+-------+-------++-------
  Melee: Unarmed           |   103 |   127 |   204 |   436 |    67 ||   937
         Headbutt          |     4 |    27 |    42 |   102 |    24 ||   199
         Punch             |     1 |     2 |     8 |    30 |     5 ||    46
 Invoke: Upheaval          |       |       |     3 |    16 |     3 ||    22
         Elemental Force   |       |       |       |     3 |     1 ||     4
  Evoke: Wand              |       |       |     5 |    10 |     3 ||    18
    Use: Potion            |       |     3 |     8 |     6 |       ||    17
         Scroll            |       |    10 |     3 |     8 |     2 ||    23
   Stab: Distracted        |       |       |       |     2 |       ||     2
 Armour: Animal skin       |    13 |       |       |       |       ||    13
         Plate armour      |    58 |    82 |    97 |   190 |    29 ||   456
         Skin              |     1 |       |    20 |    49 |       ||    70
  Dodge: Dodged            |    47 |    33 |    70 |   217 |    34 ||   401
         Repelled          |       |       |     1 |     1 |       ||     2
  Block: Other             |     9 |    10 |    53 |   123 |    14 ||   209

Levels and vault maps discovered:
D:1:      reono_arrival_mine, layout_rooms, shapermc_ecumenical_altar_notcrosses
D:2:      layout_basic, chequers_serial_rivers_large_b, kennysheep_small_spiral,
          uniq_jessica
D:3:      layout_basic, grunt_temple_overflow_forces_of_nature
D:4:      layout_loops_ring, serial_shops, nicolae_shop_window_shopping,
          minmay_diced_spiral
D:5:      layout_loops_ring, nicolae_overflow_crystal_walls,
          minmay_temple_entry_glassed_door
D:6:      layout_loops_ring, makhleb_grotto_becter, led_xom_imps, uniq_menkaure,
          uniq_crazy_yiuf_cottage
D:7:      layout_basic, overflow_temple_1_default,
          amethyst_overflow_temple_binary, tgw_sif, grunt_decor_cap
D:8:      layout_cave_pools, nemelex_xobeh_ov_fountains_minmay, enter_bailey_7,
          uniq_amaemon, uniq_grum, uniq_prince_ribbit1
D:9:      layout_loops_ring, lair_entry_dummy
D:10:     layout_rooms, ashenzari_conservatory_becter, minmay_misc_feat_columns
D:11:     layout_roguey, orc_0_dummy, uniq_josephine, uniq_lodul
D:12:     layout_cave_pools, nicolae_trove_entry_columns
Orc:1:    layout_caves, mines2_david
Orc:2:    hellmonk_orc_salted, layout_diamond_mine, serial_shops, shop_coins,
          minmay_orc_barracks

Notes
Turn   | Place    | Note
-------+----------+-------------------------------------------
     0 | D:1      | ytrimaz the Demonspawn Shapeshifter began the quest for the
                  | Orb.
     0 | D:1      | Reached XP level 1. HP: 15/15 MP: 1/1
     0 | D:1      | magus.rc [v1.9.6]
   191 | D:1      | Reached skill level 3 in Shapeshifting
   191 | D:1      | Gained mutation: You may rarely emit foul miasma when
                  | damaged in melee. [demonic ancestry]
   191 | D:1      | Reached XP level 2. HP: 20/21 MP: 2/2
   260 | D:1      | Found a faded altar of an unknown god.
   274 | D:1      | Reached skill level 3 in Unarmed Combat
   281 | D:1      | Prayed at the altar of an unknown god.
   281 | D:1      | Became a worshipper of Qazlal Stormbringer
   281 | D:1      | Reached * piety under Qazlal
   607 | D:2      | Gained mutation: You have a pair of small horns on your
                  | head. [demonic ancestry]
   607 | D:2      | Reached XP level 3. HP: 21/26 MP: 3/3
   978 | D:2      | Noticed Jessica
   986 | D:2      | Killed Jessica
   987 | D:2      | Reached skill level 1 in Invocations
  1007 | D:2      | You pick up a book of the Tundra and begin reading...
  1007 | D:2      | You add the spells Hailstorm, Summon Ice Beast and
                  | Simulacrum to your library.
  1338 | D:2      | Gained mutation: A weak demonic guardian rushes to your
                  | aid. [demonic ancestry]
  1338 | D:2      | Reached XP level 4. HP: 28/32 MP: 3/5
  1576 | D:3      | Found a stormy altar of Qazlal.
  1775 | D:3      | Found a blossoming altar of Fedhas.
  1845 | D:3      | Reached ** piety under Qazlal
  1857 | D:3      | Reached skill level 2 in Invocations
  1998 | D:4      | Noticed a scorpion
  2004 | D:4      | Killed a scorpion
  2005 | D:4      | Reached skill level 4 in Shapeshifting
  2005 | D:4      | Reached XP level 5. HP: 31/37 MP: 6/6
  2061 | D:4      | HP: 1/37 [orc priest/divine providence (13)]
  2066 | D:4      | Reached skill level 3 in Invocations
  2407 | D:4      | Gained mutation: A demonic guardian rushes to your aid.
                  | [demonic ancestry]
  2407 | D:4      | Reached XP level 6. HP: 43/43 MP: 8/8
  2434 | D:4      | Reached skill level 4 in Unarmed Combat
  2477 | D:4      | Found Ygyu's General Store.
  2831 | D:4      | Reached *** piety under Qazlal
  2879 | D:4      | Reached skill level 4 in Invocations
  2887 | D:4      | HP: 10/43 [poisoned by a scorpion]
  3197 | D:5      | Entered Level 5 of the Dungeon
  3252 | D:5      | You pick up a book of Sloth and begin reading...
  3252 | D:5      | You add the spells Frozen Ramparts, Petrify and Metabolic
                  | Englaciation to your library.
  3270 | D:5      | Noticed an orc warrior
  3277 | D:5      | Killed an orc warrior
  3278 | D:5      | Reached skill level 5 in Shapeshifting
  3278 | D:5      | Reached XP level 7. HP: 35/48 MP: 10/10
  3428 | D:5      | You pick up a book of Minor Magic and begin reading...
  3428 | D:5      | You add the spells Magic Dart, Call Imp and Mephitic Cloud
                  | to your library.
  3573 | D:5      | Reached skill level 5 in Invocations
  3719 | D:5      | Found an opulent altar of Gozag.
  4002 | D:5      | Found a staircase to the Ecumenical Temple.
  4119 | D:6      | Noticed a yak
  4121 | D:6      | Noticed a yak
  4125 | D:6      | Killed a yak
  4126 | D:6      | Reached skill level 5 in Unarmed Combat
  4127 | D:6      | Noticed a yak
  4129 | D:6      | Noticed a yak
  4130 | D:6      | Noticed a yak
  4133 | D:6      | Noticed a yak
  4134 | D:6      | Killed a yak
  4135 | D:6      | Gained mutation: You have a pair of horns on your head.
                  | [demonic ancestry]
  4135 | D:6      | Reached XP level 8. HP: 27/54 MP: 12/12
  4156 | D:6      | Reached skill level 6 in Invocations
  4156 | D:6      | Reached skill level 6 in Shapeshifting
  4182 | D:6      | HP: 9/54 [yak (6)]
  4373 | D:6      | Reached skill level 7 in Invocations
  4456 | D:6      | You pick up a book of Blood and begin reading...
  4456 | D:6      | You add the spells Sublimation of Blood, Wereblood and
                  | Summon Hydra to your library.
  4464 | D:6      | Reached skill level 6 in Unarmed Combat
  4464 | D:6      | Reached skill level 7 in Shapeshifting
  4465 | D:6      | Noticed Menkaure
  4479 | D:6      | Killed Menkaure
  4480 | D:6      | Gained mutation: When seriously injured, your blood forms
                  | armour. (AC +6) [demonic ancestry]
  4480 | D:6      | Reached XP level 9. HP: 35/59 MP: 14/14
  4932 | D:6      | Found a runed translucent door.
  4933 | D:6      | Noticed Crazy Yiuf
  4977 | D:6      | Reached **** piety under Qazlal
  5095 | D:6      | Found a burning altar of Makhleb.
  5235 | D:6      | Found a shimmering altar of Xom.
  5240 | D:6      | Reached skill level 8 in Invocations
  5857 | D:7      | Found a sacrificial altar of Ru.
  5902 | D:7      | Noticed a gargoyle
  5907 | D:7      | Killed a gargoyle
  5908 | D:7      | Reached skill level 8 in Shapeshifting
  5921 | D:7      | HP: 12/59 [something/ball of steam (5)]
  5926 | D:7      | HP: 12/88 [poisoned by a killer bee]
  5931 | D:7      | HP: 15/88 [hound (2)]
  5933 | D:7      | Reached skill level 9 in Invocations
  5945 | D:7      | Reached skill level 7 in Unarmed Combat
  5975 | D:7      | HP: 14/59 [poisoned by a killer bee]
  6122 | D:7      | You add the spells Blink and Manifold Assault to your
                  | library.
  6302 | D:7      | Found a shimmering blue altar of Sif Muna.
  6454 | D:7      | Found a bloodstained altar of Trog.
  6499 | D:8      | Noticed Amaemon
  6499 | D:8      | Noticed an orange demon
  6506 | D:8      | Killed Amaemon
  6507 | D:8      | Reached XP level 10. HP: 47/65 MP: 16/16
  6510 | D:8      | HP: 21/97 [killer bee (7)]
  6510 | D:8      | HP: 10/97 [asphyx]
  6511 | D:8      | Killed an orange demon
  6515 | D:8      | HP: 16/97 [poisoned by a killer bee]
  6516 | D:8      | Reached skill level 9 in Shapeshifting
  6516 | D:8      | HP: 7/97 [centaur/arrow (8)]
  6517 | D:8      | HP: 2/97 [centaur/arrow (4)]
  6605 | D:8      | Found a sparkling altar of Nemelex Xobeh.
  6738 | D:8      | Noticed Grum
  6756 | D:8      | Killed Grum
  6757 | D:8      | HP: 15/65 [wolf[Grum] (5)]
  6760 | D:8      | Reached skill level 8 in Unarmed Combat
  6850 | D:8      | Noticed Prince Ribbit
  6853 | D:8      | Killed Prince Ribbit
  6863 | D:8      | HP: 15/65 [orc warrior/+0 battleaxe (11)]
  6866 | D:8      | HP: 7/65 [orc/+0 hand axe (5)]
  6867 | D:8      | HP: 2/65 [bullfrog (5)]
  7186 | D:8      | Found a flagged portal.
  7663 | D:9      | Reached skill level 2 in Dodging
  7744 | D:9      | Found a staircase to the Lair.
  7792 | D:9      | Reached skill level 10 in Shapeshifting
  8468 | D:10     | Entered Level 10 of the Dungeon
  8517 | D:10     | Reached skill level 2 in Fighting
  8537 | D:10     | Reached XP level 11. HP: 28/73 MP: 11/17
  8543 | D:10     | HP: 15/73 [yak (4)]
  8545 | D:10     | Reached skill level 3 in Dodging
  8876 | D:10     | Reached skill level 3 in Fighting
  9062 | D:10     | Found a broken altar of Ashenzari.
  9219 | D:11     | HP: 2/74 [cyclops (21)]
  9513 | D:11     | Paralysed by a hornet for 3 turns
  9516 | D:11     | Reached skill level 9 in Unarmed Combat
  9722 | D:11     | Noticed Lodul
  9731 | D:11     | Killed Lodul
  9732 | D:11     | Reached skill level 4 in Fighting
  9732 | D:11     | Reached skill level 4 in Dodging
 10285 | D:11     | You pick up a book of Callings and begin reading...
 10285 | D:11     | You add the spells Summon Small Mammal, Call Canine
                  | Familiar and Summon Guardian Golem to your library.
 10291 | D:11     | You pick up a book of the Dragon and begin reading...
 10291 | D:11     | You add the spells Cause Fear, Fireball and Dragon's Call
                  | to your library.
 10319 | D:11     | Noticed Josephine
 10326 | D:11     | Killed Josephine
 10326 | D:11     | HP: 14/75 [poisoned by Josephine]
 10327 | D:11     | Reached skill level 5 in Fighting
 10329 | D:11     | Reached skill level 5 in Dodging
 10607 | D:11     | Found a staircase to the Orcish Mines.
 10711 | D:12     | Noticed a two-headed ogre
 10768 | D:11     | Noticed a two-headed ogre
 10779 | D:11     | Killed a two-headed ogre
 10949 | Orc:1    | Entered Level 1 of the Orcish Mines
 10949 | Orc:1    | Noticed an orc knight
 10952 | Orc:1    | Noticed an orc sorcerer
 10966 | D:11     | HP: 19/81 [orc knight/+1 war axe (13)]
 10968 | D:11     | Killed an orc knight
 11162 | D:11     | Reached skill level 10 in Unarmed Combat
 11164 | D:11     | Paralysed by an orc sorcerer for 2 turns
 11167 | D:11     | Killed an orc sorcerer
 11168 | D:11     | Reached skill level 6 in Fighting
 11463 | Orc:1    | Noticed an orc knight
 11557 | Orc:1    | Killed an orc knight
 11558 | Orc:1    | Reached skill level 6 in Dodging
 11558 | Orc:1    | Gained mutation: A powerful demonic guardian rushes to your
                  | aid. [demonic ancestry]
 11558 | Orc:1    | Reached XP level 12. HP: 57/89 MP: 18/18
 12119 | Orc:2    | Entered Level 2 of the Orcish Mines
 12124 | Orc:2    | Noticed an ettin
 12238 | Orc:1    | HP: 1/89 [orc warrior/+0 heavy long sword (31)]
 12420 | Orc:2    | HP: 16/89 [ettin/+0 dire flail (17)]
 12421 | Orc:2    | Killed an ettin
 12422 | Orc:2    | HP: 1/89 [orc priest/divine providence (13)]
 12698 | Orc:1    | Reached skill level 7 in Fighting
 12745 | Orc:1    | HP: 12/91 [orc knight/+0 battleaxe (19)]
 13306 | Orc:2    | Noticed an orc warlord
 13486 | Orc:1    | HP: 17/90 [orc warlord/+0 broad axe (29)]
 13488 | Orc:1    | Killed an orc warlord
 13489 | Orc:1    | Reached skill level 7 in Dodging
 13685 | Orc:1    | HP: 20/91 [warg[an orc warlord] (12)]
 14291 | Orc:2    | Reached skill level 11 in Unarmed Combat
 14455 | Orc:2    | Reached skill level 8 in Fighting
 14576 | Orc:2    | Found Tacroax's General Store.
 14732 | Orc:2    | Noticed a stone giant
 14849 | Orc:2    | Noticed a two-headed ogre
 14865 | Orc:2    | Killed a two-headed ogre
 15107 | Orc:2    | Found a staircase to the Elven Halls.
 15169 | Orc:2    | Reached skill level 8 in Dodging
 15528 | Orc:2    | Noticed a two-headed ogre
 15541 | Orc:2    | Killed a two-headed ogre
 15726 | Orc:2    | Killed a stone giant
 15727 | Orc:2    | Reached XP level 13. HP: 66/100 MP: 19/19
 15842 | Orc:2    | Reached skill level 9 in Fighting
 15955 | Orc:2    | Found Qegol's Distillery.
 15961 | Orc:2    | HP: 21/101 [orc knight/+1 great sword (20)]
 16230 | Orc:2    | Bought a potion of mutation for 128 gold pieces
 16230 | Orc:2    | Bought a potion of resistance for 160 gold pieces
 16230 | Orc:2    | Bought a potion of heal wounds for 80 gold pieces
 16230 | Orc:2    | Bought a potion of haste for 160 gold pieces
 16243 | Orc:2    | Found Ycufryest's Book Shoppe.
 16251 | Orc:2    | Found Ruiddyak's Distillery.
 16394 | Orc:2    | Bought a potion of heal wounds for 70 gold pieces
 16394 | Orc:2    | Bought a potion of lignification for 42 gold pieces
 16394 | Orc:2    | Bought a potion of mutation for 112 gold pieces
 16394 | Orc:2    | Bought a potion of haste for 140 gold pieces
 16394 | Orc:2    | Bought a potion of mutation for 112 gold pieces
 16394 | Orc:2    | Bought a potion of lignification for 42 gold pieces
 16408 | Orc:2    | Noticed an orc warlord
 16821 | Orc:1    | HP: 20/101 [orc warlord/+0 war axe (17)]
 17101 | D:12     | Reached skill level 12 in Unarmed Combat
 17176 | D:12     | Reached skill level 9 in Dodging
 17393 | D:12     | HP: 21/102 [very large slime creature (58)]
 17398 | D:12     | Mangled by a large slime creature

Vanquished Creatures
  A stone giant (Orc:2)
  Josephine (D:11)
  4 two-headed ogres
  An orc high priest (Orc:2)
  8 orc knights
  4 orc sorcerers
  5 cyclopes
  An ugly thing (D:12)
  3 slime creatures (D:12)
  An orange demon (D:8)
  A gargoyle (D:7)
  3 trolls
  Prince Ribbit (D:8)
  7 saltlings (Orc:2)
  4 wraiths (D:11)
  2 shadows
  A wyvern (D:9)
  9 yaks
  2 steam dragons
  Grum (D:8)
  Menkaure (D:6)
  6 wargs
  2 acid dragons (D:11)
  An ice beast (D:7)
  26 orc warriors
  3 black bears
  11 ogres
  3 wolves (D:8)
  9 centaurs
  A phantom (D:6)
  2 kobold brigands (D:9)
  3 scorpions (D:4)
  3 bullfrogs
  10 wights
  8 killer bees
  6 howler monkeys
  5 crimson imps (D:6)
  A jelly (D:6)
  7 orc priests
  5 hounds
  Jessica (D:2)
  A sleepcap (D:6)
  20 orc wizards
  2 iguanas
  10 gnolls
  10 adders
  A dart slug (D:3)
  75 orcs
  5 ball pythons
  6 endoplasms
  3 giant cockroaches
  5 hobgoblins
  9 jackals
  8 quokkas
  5 bats
  A frilled lizard (D:1)
  9 goblins
  16 kobolds
  3 rats
363 creatures vanquished.

Vanquished Creatures (collateral kills)
  An orc warlord (Orc:1)
  An ettin (Orc:2)
  A two-headed ogre (D:11)
  Amaemon (D:8)
  Lodul (D:11)
  3 cyclopes
  3 slime creatures (D:12)
  A hornet (D:11)
  A saltling (Orc:2)
  A wraith (D:11)
  A yak (D:6)
  An ice beast (D:8)
  4 orc warriors
  3 ogres
  A wolf (D:8)
  A bullfrog (D:8)
  3 killer bees
  A jelly (D:8)
  An orc priest (Orc:2)
  A gnoll bouda (D:7)
  2 orc wizards
  A gnoll (D:7)
  A white imp (D:7)
  22 orcs
57 creatures vanquished.

Vanquished Creatures (others)
  A centaur (D:11)
  2 orcs (Orc:2)
3 creatures vanquished.

Grand Total: 423 creatures vanquished

Table legend:
 A = Non-vault XP
 B = Vault XP
 C = Vault XP percentage of total XP
 D = Non-vault monster count
 E = Vault monster count
 F = Vault count percentage of total count
                 A         B        C        D         E       F
            +---------+---------+-------+---------+---------+-------
      Total |   28803 |   18632 |  39.3 |     332 |      89 |  21.1
            +---------+---------+-------+---------+---------+-------
        D:1 |      37 |       0 |   0.0 |      22 |       0 |   0.0
        D:2 |      43 |      37 |  46.2 |      19 |       1 |   5.0
        D:3 |      42 |       0 |   0.0 |      10 |       0 |   0.0
        D:4 |     547 |       9 |   1.6 |      28 |       4 |  12.5
        D:5 |     472 |       0 |   0.0 |      10 |       0 |   0.0
        D:6 |    2412 |     416 |  14.7 |      36 |       6 |  14.3
        D:7 |    1338 |      35 |   2.5 |      18 |       1 |   5.3
        D:8 |    1156 |    2160 |  65.1 |      21 |      12 |  36.4
        D:9 |    1700 |       0 |   0.0 |      28 |       0 |   0.0
       D:10 |    1863 |       0 |   0.0 |      24 |       0 |   0.0
       D:11 |    5467 |    3397 |  38.3 |      29 |      15 |  34.1
       D:12 |    3814 |       0 |   0.0 |      13 |       0 |   0.0
      Orc:1 |    7333 |     752 |   9.3 |      45 |       8 |  15.1
      Orc:2 |    2579 |   11826 |  82.1 |      29 |      42 |  59.2
            +---------+---------+-------+---------+---------+-------

Skill      XL: |  1  2  3  4  5  6  7  8  9 10 11 12 13 |
---------------+----------------------------------------+-----
Shapeshifting  | 3 4 5 7 8 10 | 10.0
Unarmed Combat | 3 4 5 6 7 8 10 11 12 | 12.1
Invocations    | 1 2 3 4 5 7 9 |  9.0
Dodging        | 2 6 8 9 |  9.0
Fighting       | 2 6 8 9 |  9.7

Action                     |  1- 3 |  4- 6 |  7- 9 | 10-12 | 13-15 || total
---------------------------+-------+-------+-------+-------+-------++-------
  Melee: Unarmed           |   103 |   127 |   204 |   436 |    67 ||   937
         Headbutt          |     4 |    27 |    42 |   102 |    24 ||   199
         Punch             |     1 |     2 |     8 |    30 |     5 ||    46
 Invoke: Upheaval          |       |       |     3 |    16 |     3 ||    22
         Elemental Force   |       |       |       |     3 |     1 ||     4
  Evoke: Wand              |       |       |     5 |    10 |     3 ||    18
    Use: Potion            |       |     3 |     8 |     6 |       ||    17
         Scroll            |       |    10 |     3 |     8 |     2 ||    23
   Stab: Distracted        |       |       |       |     2 |       ||     2
 Armour: Animal skin       |    13 |       |       |       |       ||    13
         Plate armour      |    58 |    82 |    97 |   190 |    29 ||   456
         Skin              |     1 |       |    20 |    49 |       ||    70
  Dodge: Dodged            |    47 |    33 |    70 |   217 |    34 ||   401
         Repelled          |       |       |     1 |     1 |       ||     2
  Block: Other             |     9 |    10 |    53 |   123 |    14 ||   209

Illustrated notes

Table legend:
 A = Kills in this place as a percentage of kills in the entire game.
 B = Kills by you in this place as a percentage of kills by you in the entire game.
 C = Kills by friends in this place as a percentage of kills by friends in the entire game.
 D = Other kills in this place as a percentage of other kills in the entire game.
 E = Experience gained in this place as a percentage of experience gained in the entire game.
 F = Experience gained in this place divided by the number of levels of this place that you have seen.
                   A       B       C       D       E      F
               +-------+-------+-------+-------+-------+----------------------
         Total | 100.0 | 100.0 | 100.0 | 100.0 | 100.0 | 3388.2
       Dungeon |  70.5 |  73.3 |  52.6 | 100.0 |  52.6 | 2078.8
  Orcish Mines |  29.5 |  26.7 |  47.4 |   0.0 |  47.4 | 11245.0
               +-------+-------+-------+-------+-------+----------------------

Table legend: (Time is in decaauts)
 A = Elapsed time spent in this place.
 B = Non-inter-level travel time spent in this place.
 C = Inter-level travel time spent in this place.
 D = Time resting spent in this place.
 E = Time spent auto-exploring this place.
 F = Levels seen in this place.
 G = Mean time per level.
                   A        B        C        D        E       F      G
               +--------+--------+--------+--------+--------+-----+--------+
         Total |  17323 |  16800 |    523 |   3406 |  10414 |  14 | 1237.4 |
       Dungeon |  11994 |  11563 |    431 |   1120 |   8322 |  12 |  999.5 |
  Orcish Mines |   5328 |   5236 |     92 |   2285 |   2092 |   2 | 2664.0 |
               +--------+--------+--------+--------+--------+-----+--------+

Top non-repeatable levels by time:
   Orc:1: 3143 daAuts
    D:11: 2429 daAuts
   Orc:2: 2185 daAuts
     D:6: 1502 daAuts
     D:4: 1203 daAuts
     D:9: 1053 daAuts
     D:2: 984 daAuts
     D:7: 901 daAuts
     D:8: 892 daAuts
     D:5: 858 daAuts
    D:10: 815 daAuts
     D:1: 580 daAuts
     D:3: 448 daAuts
    D:12: 324 daAuts
